 Dungeon Crawl Stone Soup version 0.23-a0-451-g1044d4c (webtiles) character file.

673 MisterFreud the Slicer (level 7, 0/41 HPs)
             Began as a Kobold Berserker on Nov 22, 2018.
             Was a Priest of Trog.
             Slain by Grinder (6 damage)
             ... while paralysed by Grinder
             ... on level 4 of the Dungeon.
             The game lasted 00:05:55 (3444 turns).

MisterFreud the Slicer (Kobold Berserker)           Turns: 3444, Time: 00:05:55

Health: 0/41       AC:  6    Str: 16    XL:     7   Next: 90%
Magic:  7/7        EV:  3    Int:  8    God:    Trog [***...]
Gold:   127        SH:  0    Dex: 15    Spells: 6/6 levels left

rFire    . . .     SeeInvis .   x - +0 rapier
rCold    . . .     Gourm    .   (shield restricted)
rNeg     . . .     Faith    .   b - +0 animal skin
rPois    .         Spirit   .   (no helmet)
rElec    .         Reflect  .   (no cloak)
rCorr    .         Harm     .   y - +0 pair of gloves
MR       .....                  l - +2 pair of boots
Stlth    +++.......             (no amulet)
HPRegen  0.13/turn              (no ring)
MPRegen  0.10/turn              (no ring)

@: paralysed, berserk cooldown, slowed
A: small, carnivore
a: Berserk, Trog's Hand, Renounce Religion


You were on level 4 of the Dungeon.
You worshipped Trog.
Trog was most pleased with you.
You were full.

You visited 1 branch of the dungeon, and saw 4 of its levels.

You collected 127 gold pieces.

Inventory:

Hand Weapons
 a - a +0 short sword
 j - a +3 dagger
 m - a +0 dagger of venom
 x - a +0 rapier (weapon)
Missiles
 r - 40 stones (quivered)
 t - 35 bolts
Armour
 b - a +0 animal skin (worn)
 l - a +2 pair of boots (worn)
 y - a +0 pair of gloves (worn)
Scrolls
 d - a scroll of blinking {unknown}
 e - 4 scrolls of identify {unknown}
 k - a scroll of noise {unknown}
 n - 2 scrolls of magic mapping {unknown}
 u - a scroll of amnesia {unknown}
 v - 3 scrolls of remove curse {unknown}
 w - a scroll of teleportation {unknown}
 z - a scroll of enchant armour {unknown}
Potions
 f - a potion of cancellation {unknown}
 g - 3 potions of curing {unknown}
 h - a potion of mutation {unknown}
 i - a potion of heal wounds {unknown}
 o - a potion of degeneration {unknown}
 p - a potion of might {unknown}
 q - a potion of flight {unknown}
 s - a potion of lignification {unknown}
Comestibles
 c - 3 rations


   Skills:
 - Level 3.2 Fighting
 + Level 9.2 Short Blades
 - Level 1.5 Armour
 - Level 2.4 Dodging
 - Level 6.9 Stealth


You had 6 spell levels left.
You didn't know any spells.
Your spell library was empty.

Dungeon Overview and Level Annotations

Branches:
Dungeon (4/15)
 Temple: D:4-7

Altars:
Fedhas
Kikubaaqudgha
Makhleb
Qazlal
Sif Muna
Uskayaw
Xom

Annotations:
D:4 Grinder


Innate Abilities, Weirdness & Mutations

You are small and have problems with some larger weapons.
You are carnivorous and can eat meat at any time.


Message History

You start resting.
You feel a strong urge to attack something.
You start resting.
You feel your anger nearly subside.
You are no longer berserk.
You are exhausted.
You feel yourself slow down.
You start resting.
A dart slug comes into view.
Grinder blinks!
There are monsters nearby!
Grinder closely misses you. Grinder gestures at you.
You suddenly lose the ability to move!
Grinder gestures at you. Pain shoots through your body!
* * * LOW HITPOINT WARNING * * *
Grinder hits you.
* * * LOW HITPOINT WARNING * * *
You writhe in agony.
You die...

#.##.##......#
#.##.##.###### #.##.##.#
#.##.##.# #.......#####
#.##........##
#.##..#......# ###
#.##.....##..#######....ยง
#.###.#.###...@5......#
#.###.#.###.#########w#
#...........#
#############


You could see Grinder and a dart slug (wandering).

Vanquished Creatures
  Sigmund (D:2)
  Eustachio (D:4)
  Menkaure (D:4)
  A crimson imp (D:3)
  An orc priest (D:3)
  Jessica (D:3)
  A worker ant (D:4)
  Terence (D:2)
  An adder (D:2)
  An ooze (D:3)
  2 worms (D:2)
  3 dart slugs
  A leopard gecko (D:3)
  6 orcs (D:3)
  A ball python (D:2)
  3 giant cockroaches
  8 goblins
  6 hobgoblins
  11 jackals
  2 quokkas (D:2)
  8 bats
  3 frilled lizards
  6 kobolds
  15 rats
85 creatures vanquished.

Notes
Turn   | Place    | Note
-------+----------+-------------------------------------------
     0 | D:1      | MisterFreud the Kobold Berserker began the quest for the
                  | Orb.
     0 | D:1      | Reached XP level 1. HP: 14/14 MP: 1/1
    21 | D:1      | Reached skill level 1 in Stealth
    89 | D:1      | Reached XP level 2. HP: 15/19 MP: 2/2
   556 | D:1      | Reached XP level 3. HP: 23/23 MP: 3/3
   950 | D:1      | Reached ** piety under Trog
   985 | D:1      | You fall through a shaft!
  1118 | D:2      | Found a blossoming altar of Fedhas.
  1384 | D:2      | Reached XP level 4. HP: 28/28 MP: 4/4
  1500 | D:2      | Found an ornate altar of the Wu Jian Council.
  1502 | D:2      | Found an ancient bone altar of Kikubaaqudgha.
  1502 | D:2      | Found a burning altar of Makhleb.
  1504 | D:2      | Found a shimmering altar of Xom.
  1504 | D:2      | Found a stormy altar of Qazlal.
  1504 | D:2      | Found a hide-covered altar of Uskayaw.
  1524 | D:2      | Noticed Terence
  1535 | D:2      | Killed Terence
  1535 | D:2      | Reached skill level 5 in Short Blades
  1919 | D:2      | Reached skill level 5 in Stealth
  1919 | D:2      | Reached XP level 5. HP: 32/32 MP: 5/5
  2058 | D:2      | Noticed Sigmund
  2062 | D:2      | Killed Sigmund
  2062 | D:2      | Reached skill level 6 in Short Blades
  2062 | D:2      | Reached XP level 6. HP: 37/37 MP: 6/6
  2254 | D:3      | Found a deep blue altar of Sif Muna.
  2449 | D:3      | Noticed Jessica
  2454 | D:3      | Killed Jessica
  2459 | D:3      | Reached *** piety under Trog
  2533 | D:3      | Reached skill level 7 in Short Blades
  2533 | D:3      | Reached XP level 7. HP: 37/41 MP: 7/7
  3181 | D:4      | Noticed Eustachio
  3364 | D:4      | Killed Eustachio
  3364 | D:4      | Reached skill level 8 in Short Blades
  3426 | D:4      | Noticed Menkaure
  3429 | D:4      | Noticed Grinder
  3433 | D:4      | Killed Menkaure
  3433 | D:4      | Reached skill level 9 in Short Blades
  3441 | D:4      | Paralysed by Grinder for 4 turns
  3444 | D:4      | Slain by Grinder

Vault maps used:
D:1:      ncdulo_watergridlock
D:2:      doesnt_xom_only_xom, fedhas_altar_2, uniq_sigmund, uniq_terence
D:3:      lemuel_doored_altar, minmay_hedge_maze, uniq_jessica
D:4:      cheibriados_altar_1, uniq_grinder, uniq_eustachio, uniq_menkaure

Skill      XL: |  1  2  3  4  5  6  7 |
---------------+----------------------+-----
Stealth        | 1 2 3 5 6 |  6.9
Short Blades   | 5 6 7 9 |  9.2
Fighting       | |  3.2
Armour         | |  1.5
Dodging        | |  2.4

Action                   |  1- 3 |  4- 6 |  7- 9 || total
-------------------------+-------+-------+-------++-------
Melee: Short sword       |    77 |       |       ||    77
       Dagger            |    34 |    98 |    53 ||   185
       Rapier            |       |       |     3 ||     3
Invok: Berserk           |     3 |     4 |     2 ||     9
 Stab: Sleeping          |     2 |    14 |       ||    16
  Eat: Chunk             |    12 |     7 |     2 ||    21
Armor: Animal skin       |    14 |    14 |     7 ||    35
Dodge: Dodged            |    64 |    50 |    25 ||   139

Table legend:
 A = Non-vault XP
 B = Vault XP
 C = Vault XP percentage of total XP
 D = Non-vault monster count
 E = Vault monster count
 F = Vault count percentage of total count
                 A         B        C        D         E       F
            +---------+---------+-------+---------+---------+-------
      Total |     295 |     667 |  69.3 |      80 |       5 |   5.9
            +---------+---------+-------+---------+---------+-------
        D:1 |      50 |       0 |   0.0 |      29 |       0 |   0.0
        D:2 |      66 |     263 |  79.9 |      27 |       2 |   6.9
        D:3 |     143 |      37 |  20.6 |      23 |       1 |   4.2
        D:4 |      36 |     367 |  91.1 |       1 |       2 |  66.7
            +---------+---------+-------+---------+---------+-------
